 Dungeon Crawl Stone Soup version 0.26.0-16-gc1dbca0489 (webtiles) character file.

Game seed: 4498694425621991988

4694 Delamore the Basher (level 10, -20/59 HPs)
             Began as a Gargoyle Fighter on Jan 21, 2021.
             Was a Priest of Okawaru.
             Demolished by a reaper
             ... wielding a +2 scythe of protection
              (42 damage)
             ... on level 1 of the Abyss.
             The game lasted 00:11:27 (8949 turns).

Delamore the Basher (Gargoyle Fighter)              Turns: 8949, Time: 00:11:28

Health: -20/59     AC: 25    Str: 22    XL:     10   Next: 44%
Magic:  10/10      EV:  5    Int: 10    God:    Okawaru [***...]
Gold:   423        SH: 10    Dex:  9    Spells: 9/9 levels left

rFire    . . .     SeeInvis +   M - +1 morningstar
rCold    . . .     Faith    .   c - +0 kite shield
rNeg     + . .     Spirit   .   k - +0 chain mail
rPois    ∞         Reflect  .   y - +2 helmet
rElec    +         Harm     .   G - +0 cloak
rCorr    .         Rampage  .   t - +0 pair of gloves
Will     .....                  (no boots)
Stlth    ..........             s - amulet of the acrobat
HPRegen  0.19/turn              B - +4 ring of protection
MPRegen  0.12/turn              F - ring of see invisible

@: about to teleport, studying Dodging
A: negative energy resistance 1, electricity resistance, unbreathing,
petrification resistance, miasma immunity, AC +7
a: Renounce Religion, Heroism


You were on level 1 of the Abyss.
You worshipped Okawaru.
Okawaru was most pleased with you.
You visited 1 branch of the dungeon, and saw 7 of its levels.
You visited the Abyss 1 time.
You also visited: Sewer and Bailey.

You collected 423 gold pieces.

Inventory:

Hand Weapons
 a - a +0 flail
 A - a +4 whip
 M - a +1 morningstar (weapon)
Missiles
 j - 13 poisoned darts
Armour
 b - a +0 scale mail
 c - a +0 kite shield (worn)
 k - a +0 chain mail (worn)
 t - a +0 pair of gloves (worn)
 y - a +2 helmet (worn)
 G - a +0 cloak (worn)
 L - a +0 plate armour
Jewellery
 o - an uncursed amulet of faith
 s - an amulet of the acrobat (around neck)
 B - a +4 ring of protection (left hand)
 F - a ring of see invisible (right hand)
Wands
 C - a wand of flame (48)
 J - a wand of random effects (9)
Scrolls
 f - 6 scrolls of teleportation
 g - 2 scrolls of enchant weapon
 h - 3 scrolls of blinking
 p - 3 scrolls of amnesia {unknown}
 q - a scroll of fear
 r - a scroll of noise {unknown}
 w - 2 scrolls of enchant armour
 x - 2 scrolls of remove curse
 H - a scroll of fog {unknown}
 I - a scroll of immolation {unknown}
 N - a scroll of random uselessness
Potions
 d - 2 potions of might
 e - 2 potions of curing
 i - a potion of brilliance {unknown}
 l - 2 potions of degeneration
 m - a potion of ambrosia
 n - 2 potions of mutation
 u - 3 potions of magic {unknown}
 v - a potion of attraction {unknown}
 z - 2 potions of experience {unknown}
 D - 3 potions of resistance {unknown}
 E - 2 potions of heal wounds {unknown}
 K - a potion of cancellation {unknown}
Books
 O - a manual of Dodging
Miscellaneous
 P - a lightning rod (2/4) (quivered)


   Skills:
 - Level 5.0 Fighting
 + Level 13.7 Maces & Flails
 - Level 3.2 Armour
 - Level 5.0 Shields


You had 9 spell levels left.
You didn't know any spells.
Your spell library contained the following spells:

 Spells                   Type           Power        Failure   Level
 Animate Skeleton         Necr           0%           100%        1
 Apportation              Tloc           0%           100%        1
 Beastly Appendage        Tmut           0%           100%        1
 Corona                   Hex            0%           100%        1
 Freeze                   Ice            0%           100%        1
 Summon Small Mammal      Summ           0%           100%        1
 Call Imp                 Summ           0%           100%        2
 Wereblood                Tmut           0%           100%        2
 Call Canine Familiar     Summ           0%           100%        3
 Frozen Ramparts          Ice            0%           100%        3
 Ozocubu's Armour         Ice            0%           100%        3
 Spider Form              Tmut/Pois      0%           100%        3
 Summon Guardian Golem    Hex/Summ       0%           100%        3
 Hailstorm                Conj/Ice       0%           100%        4
 Ice Form                 Ice/Tmut       0%           100%        4
 Summon Ice Beast         Ice/Summ       0%           100%        4
 Summon Lightning Spire   Summ/Air       0%           100%        4
 Blade Hands              Tmut           0%           100%        5


Dungeon Overview and Level Annotations

Branches:
Dungeon (7/15)             Temple (0/1) D:6           Sewer (visited)
 Bailey (visited)

Altars:
Ashenzari
Cheibriados
Gozag
Kikubaaqudgha
Okawaru
Qazlal
Trog
Xom
Zin
The Shining One

Annotations:
D:7 Maggie


Innate Abilities, Weirdness & Mutations

You are resistant to torment.
Your stone body is resilient. (AC +7)
You are immune to poison.
You resist negative energy. (rN+)
You are resistant to electric shocks. (rElec)
You can survive without breathing.
You are immune to petrification.
You are immune to miasma.


Message History

You feel less confused. You block the ufetubus's attack.
The ufetubus hits you but does no damage. x3
You block the ufetubus's attack. x2
A chorus of shrieks assaults your mind. You block the ufetubus's attack. x2
The ynoxinul hits you but does no damage.
You feel yourself growing ill in the presence of the ancient zyme.
The ufetubus hits you but does no damage. x2
The ufetubus barely misses you.
The ufetubus hits you but does no damage.
You closely miss the ufetubus. The ufetubus hits you.
The ufetubus barely misses you.
The ufetubus hits you but does no damage. x3
The ufetubus closely misses you. You block the ufetubus's attack.
The ufetubus hits you but does no damage.
A starcursed mass splits.
You block the ynoxinul's attack.
The reaper hits you from afar with a +2 scythe of protection!!!
Ouch! That really hurt!
You die...

#... 25 .## ...
# ....#
.#....X#§ #.
.## .#§#x#X.##
.
##5###.W.#.X#.X
# #.## . #..#
..#.### # #.
###... #.#..§#
#
......#.#552.#
. #
#....x355.## .
.# #$.b5@5W.#
#3###
##.b###.§# . #
..# #.. ## ...
##.# #


You could see 4 starcursed masses, a reaper, a flayed ghost, an ancient zyme, a
ynoxinul, a small abomination, 2 fire bats and 6 ufetubi.

Vanquished Creatures
  An orc warlord (Bailey)
  An orc knight (Bailey)
  An ancient zyme (Abyss:1)
  An ice beast (D:5)
  3 orc warriors
  A sky beast (D:6)
  A phantom (D:4)
  5 centaurs
  2 big kobolds (Sewer)
  2 bullfrogs
  A water moccasin skeleton (D:5)
  4 wights (D:6)
  2 bullfrog zombies
  5 hounds
  A centaur zombie (D:6)
  2 jellies (D:6)
  2 bullfrog skeletons
  11 orc wizards
  4 iguanas
  Natasha (thrice) (D:2)
  5 worker ants
  2 hound skeletons
  14 adders
  9 gnolls
  2 river rats (Sewer)
  A shadow imp (D:6)
  A white imp (D:6)
  2 ufetubi
  6 oozes
  11 worms
  12 dart slugs
  3 leopard geckos
  13 orcs
  7 giant cockroaches
  10 goblins
  13 hobgoblins
  10 jackals
  A quokka (D:6)
  4 ball pythons
  6 bats
  6 frilled lizards
  21 kobolds
  2 leopard gecko skeletons
  9 rats
223 creatures vanquished.

Notes
Turn   | Place    | Note
-------+----------+-------------------------------------------
     0 | D:1      | Delamore the Gargoyle Fighter began the quest for the Orb.
     0 | D:1      | Reached XP level 1. HP: 14/14 MP: 1/1
   304 | D:1      | Reached XP level 2. HP: 19/19 MP: 2/2
   852 | D:2      | Noticed Natasha
   859 | D:2      | Killed Natasha
   860 | D:2      | Reached XP level 3. HP: 14/24 MP: 3/3
   998 | D:2      | Reached XP level 4. HP: 25/29 MP: 4/4
  1077 | D:2      | Noticed Natasha
  1085 | D:2      | Killed Natasha
  1086 | D:2      | Reached skill level 3 in Maces & Flails
  1401 | D:2      | Noticed Natasha
  1406 | D:2      | Killed Natasha
  1407 | D:2      | Reached XP level 5. HP: 34/34 MP: 5/5
  2331 | D:3      | Reached XP level 6. HP: 40/40 MP: 6/6
  2346 | D:3      | Found a glowing drain.
  2368 | Sewer    | Entered a sewer
  2426 | Sewer    | Reached skill level 5 in Fighting
  2426 | Sewer    | Reached skill level 4 in Maces & Flails
  2426 | Sewer    | Reached skill level 5 in Shields
  3092 | Sewer    | Reached skill level 5 in Maces & Flails
  3151 | Sewer    | Reached XP level 7. HP: 32/44 MP: 7/7
  3427 | D:3      | Found a shimmering altar of Xom.
  3632 | D:3      | Found a stormy altar of Qazlal.
  3751 | D:3      | Found an iron altar of Okawaru.
  3751 | D:3      | Found a bloodstained altar of Trog.
  3932 | D:3      | Became a worshipper of Warmaster Okawaru
  4030 | D:3      | Found a glowing golden altar of the Shining One.
  4084 | D:3      | Found a snail-covered altar of Cheibriados.
  4306 | D:4      | Found an opulent altar of Gozag.
  4534 | D:4      | Reached skill level 6 in Maces & Flails
  4926 | D:4      | Found a broken altar of Ashenzari.
  5275 | D:5      | Entered Level 5 of the Dungeon
  5289 | D:4      | Reached skill level 7 in Maces & Flails
  5396 | D:5      | Reached XP level 8. HP: 43/49 MP: 8/8
  5724 | D:5      | Reached skill level 8 in Maces & Flails
  6183 | D:5      | Reached * piety under Okawaru
  6184 | D:5      | Reached skill level 9 in Maces & Flails
  6436 | D:6      | Reached skill level 10 in Maces & Flails
  6598 | D:6      | Reached XP level 9. HP: 43/54 MP: 9/9
  6893 | D:6      | Reached ** piety under Okawaru
  6993 | D:6      | Found a staircase to the Ecumenical Temple.
  7097 | D:6      | Reached skill level 11 in Maces & Flails
  7283 | D:6      | Noticed a troll
  7721 | D:6      | Found a glowing silver altar of Zin.
  7721 | D:6      | Found an ancient bone altar of Kikubaaqudgha.
  7760 | D:7      | Found a flagged portal.
  7781 | Bailey   | Entered a bailey
  7796 | Bailey   | Noticed an orc warlord
  7866 | Bailey   | Noticed an orc knight
  7911 | Bailey   | Killed an orc knight
  7912 | Bailey   | Reached skill level 12 in Maces & Flails
  8131 | Bailey   | Found a runed translucent gate.
  8131 | Bailey   | Found a runed translucent gate.
  8197 | Bailey   | Found a runed translucent gate.
  8297 | Bailey   | Killed an orc warlord
  8297 | Bailey   | Reached *** piety under Okawaru
  8298 | Bailey   | Reached skill level 13 in Maces & Flails
  8298 | Bailey   | Reached XP level 10. HP: 46/59 MP: 10/10
  8781 | D:7      | Noticed Maggie
  8819 | D:7      | Cast into level 1 of the Abyss (Maggie)
  8891 | Abyss:1  | Noticed a reaper
  8927 | Abyss:1  | Noticed a flayed ghost
  8933 | Abyss:1  | Noticed a starcursed mass
  8949 | Abyss:1  | Demolished by a reaper

Illustrated notes

Levels and vault maps discovered:
D:1:      dpeg_arrival_signposts, layout_basic
D:2:      layout_basic, minmay_heptomino_o4, uniq_natasha
D:3:      layout_loops_ring, tso_oasis_becter, nicolae_overflow_hidden_temple,
          lemuel_crystal_altar, gammafunk_temple_overflow_elements,
          gup_sewer_entry_glass, xom_teletrap_fun
D:4:      layout_loops_corners, ashenzari_altar_1, nicolae_gozag_seed_capital
D:5:      kennysheep_slugbush, layout_basic, amcnicky_mini_pool_small,
          hangedman_abyss_or_decor_stabs
D:6:      minmay_clustersquares, layout_cave_pools,
          gammafunk_temple_overflow_wave, minmay_temple_entry_poolview,
          minmay_manual_mares
D:7:      layout_cave_pods, enter_bailey_5, hangedman_decor_riveting,
          minmay_a_box_with_orc_wizards_in_it, uniq_maggie
Abyss:1:  base:
D:2

Skill      XL: |  1  2  3  4  5  6  7  8  9 |
---------------+----------------------------+-----
Fighting       | 4 5 |  5.0
Shields        | 4 5 |  5.0
Maces & Flails | 3 5 7 10 13 | 13.7
Armour         | |  3.2

Action                   |  1- 3 |  4- 6 |  7- 9 | 10-12 || total
-------------------------+-------+-------+-------+-------++-------
Melee: Flail             |   102 |   376 |   304 |       ||   782
       Whip              |       |       |   152 |       ||   152
       Morningstar       |       |       |   227 |    72 ||   299
Invok: Heroism           |       |       |     4 |       ||     4
Evoke: Lightning rod     |       |       |     4 |       ||     4
  Use: Scroll            |       |     1 |    13 |     3 ||    17
       Potion            |       |       |       |     3 ||     3
Armor: Scale mail        |    45 |       |       |       ||    45
       Chain mail        |    14 |   206 |   437 |   100 ||   757
Dodge: Dodged            |    32 |    82 |   199 |    51 ||   364
Block: Kite shield       |    70 |   204 |   382 |    68 ||   724
